[Event "Titled Tuesday Blitz August 1 Early 2023"]
[White "Smietanska, Wiktoria"]
[Black "Bocangel Chavez, Marjoire J."]
[WhiteFideId "21869359"]
[BlackFideId "3810500"]
[WhiteElo "2259"]
[BlackElo "1902"]
[Result "1-0"]
[Round "11"]
[TimeControl "180+1"]
[Date "2023.08.01"]
[WhiteClock "0:02:22"]
[BlackClock "0:01:42"]
[Board "156"]

1. c4 e5 2. Nc3 Nc6 3. Nf3 g6 4. d4 exd4 5. Nxd4 Bg7 6. Nxc6 bxc6 7. g3 Ba6 8. Qa4 Bb7 9. Bg2 Ne7 10. Bg5 Bh6 11. Bxh6 Nf5 12. Bf4 O-O 13. O-O g5 14. Bd2 f6 15. c5 Kg7 16. Qg4 Ne7 17. f4 h6 18. fxg5 hxg5 19. h4 d5 20. hxg5 f5 21. Qd4+ Kg6 22. Rf4 Ba6 23. Rh4 Rh8 24. Qf6# 1-0


[Site "https://www.chess.com"]

[Event "Titled Tuesday Blitz August 1 Early 2023"]
[White "Kriti Mayur Patel"]
[Black "Balla, Tamas-Kristof"]
[WhiteFideId "35061780"]
[BlackFideId "1208497"]
[WhiteElo "2060"]
[BlackElo "2388"]
[Result "1-0"]
[Round "11"]
[TimeControl "180+1"]
[Date "2023.08.01"]
[WhiteClock "0:02:22"]
[BlackClock "0:01:02"]
[Board "157"]

1. e4 c5 2. d4 cxd4 3. c3 Nf6 4. e5 Nd5 5. Nf3 Nc6 6. Bc4 Nb6 7. Bb3 d6 8. exd6 Qxd6 9. O-O dxc3 10. Nxc3 Qxd1 11. Rxd1 e6 12. Nb5 Rb8 13. Bf4 e5 14. Nxe5 g5 15. Bxf7+ Ke7 16. Bxg5# 1-0


[Site "https://www.chess.com"]

[Event "Titled Tuesday Blitz August 1 Early 2023"]
[White "Quirke, Jeffrey"]
[Black "sterpfi"]
[WhiteFideId "2013029"]
[WhiteElo "2237"]
[BlackElo "2187"]
[Result "1-0"]
[Round "11"]
[TimeControl "180+1"]
[Date "2023.08.01"]
[WhiteClock "0:00:24"]
[BlackClock "0:00:14"]
[Board "158"]

1. c4 e6 2. g3 d5 3. Bg2 Nf6 4. Nf3 c5 5. O-O Nc6 6. cxd5 exd5 7. d4 Be7 8. Nc3 O-O 9. Bg5 c4 10. Ne5 Be6 11. b3 cxb3 12. axb3 h6 13. Bxf6 Bxf6 14. Nxc6 bxc6 15. Na4 Qe7 16. Nc5 Rfb8 17. e3 a5 18. Ra4 Qa7 19. Qc2 Bc8 20. Rfa1 Qb6 21. b4 Be7 22. bxa5 Qb2 23. Qxb2 Rxb2 24. Nd3 Rd2 25. Ne5 Rc2 26. a6 Bd6 27. Nd3 Kh7 28. a7 Bd7 29. h4 h5 30. Rb1 Bf5 31. Rb3 g6 32. Nf4 Rc1+ 33. Kh2 Bxf4 34. gxf4 Be4 35. Bxe4 dxe4 36. Rb8 Rxa7 37. Rxa7 Kg7 38. Rbb7 Rc2 39. Rxf7+ Kh6 40. Rh7# 1-0


[Site "https://www.chess.com"]

[Event "Titled Tuesday Blitz August 1 Early 2023"]
[White "Samaganova, Aleksandra"]
[Black "campochess"]
[WhiteFideId "13800221"]
[WhiteElo "2228"]
[BlackElo "2197"]
[Result "0-1"]
[Round "11"]
[TimeControl "180+1"]
[Date "2023.08.01"]
[WhiteClock "0:00:00"]
[BlackClock "0:00:17"]
[Board "159"]

1. c4 e6 2. Nc3 c6 3. Nf3 d5 4. e3 Nf6 5. d4 Be7 6. Bd3 Nbd7 7. O-O O-O 8. e4 dxe4 9. Nxe4 Nxe4 10. Bxe4 Nf6 11. Bc2 Qa5 12. Ne5 Rd8 13. Bd2 Qc7 14. Bc3 c5 15. Qe2 cxd4 16. Bd2 b5 17. Bd3 bxc4 18. Nxc4 Bb7 19. Rac1 Qc6 20. f3 Qe8 21. Rfe1 Rac8 22. Na5 Bd5 23. Bb5 Qf8 24. a3 Rxc1 25. Rxc1 Rc8 26. Rb1 h6 27. h3 Bd6 28. Bd3 Bc7 29. Nc4 Bxc4 30. Bxc4 Qd6 31. f4 Bb6 32. Bd3 Nd5 33. Qf2 Ne3 34. Rc1 Rxc1+ 35. Bxc1 Qc6 36. Bd2 f5 37. Kh2 Qd6 38. Kh1 Qd5 39. Kh2 Qa2 40. Bc1 Qb3 41. Ba6 Bc5 42. Bc8 Qd5 43. Ba6 Bb6 44. Bd3 Kh8 45. Qe2 Qd6 46. Qf2 Nd5 47. Bd2 g5 48. g3 gxf4 49. gxf4 Bc7 50. Kg2 Nxf4+ 0-1


[Site "https://www.chess.com"]

[Event "Titled Tuesday Blitz August 1 Early 2023"]
[White "Lakshmi C"]
[Black "Levine, David"]
[WhiteFideId "25035347"]
[BlackFideId "2011611"]
[WhiteElo "2079"]
[BlackElo "2105"]
[Result "1-0"]
[Round "11"]
[TimeControl "180+1"]
[Date "2023.08.01"]
[WhiteClock "0:01:30"]
[BlackClock "0:01:42"]
[Board "160"]

1. e4 e5 2. Nf3 Nc6 3. Bb5 a6 4. Ba4 Nf6 5. O-O Be7 6. Re1 b5 7. Bb3 d6 8. c3 O-O 9. h3 Bb7 10. d4 Re8 11. Nbd2 Bf8 12. Bc2 exd4 13. cxd4 Nb4 14. Bb1 c5 15. d5 a5 16. Nf1 Na6 17. Ng3 g6 18. Bg5 h6 19. Bf4 c4 20. Qc1 Kh7 21. Nd4 Nc5 22. Nxb5 Ncxe4 23. Nxe4 Nxe4 24. Bxe4 f5 25. Bf3 Rxe1+ 26. Qxe1 g5 27. Be3 1-0


[Site "https://www.chess.com"]

[Event "Titled Tuesday Blitz August 1 Early 2023"]
[White "Skiadopoulos, Nikolaos"]
[Black "Winkels, Marcel"]
[WhiteFideId "4200772"]
[BlackFideId "1003887"]
[WhiteElo "1858"]
[BlackElo "2095"]
[Result "1-0"]
[Round "11"]
[TimeControl "180+1"]
[Date "2023.08.01"]
[WhiteClock "0:01:04"]
[BlackClock "0:00:00"]
[Board "161"]

1. e4 c5 2. b4 cxb4 3. a3 g6 4. Bb2 f6 5. Bc4 e6 6. h4 d5 7. exd5 exd5 8. Bb5+ Nc6 9. h5 Bg7 10. hxg6 hxg6 11. Rxh8 Bxh8 12. axb4 Qe7+ 13. Kf1 Bd7 14. Nc3 Qxb4 15. Ba3 Qf4 16. Nxd5 Qe5 17. c4 O-O-O 18. Nf3 Qh5 19. Bd6 Qh1+ 20. Ng1 Nd4 21. Nb6+ 1-0


[Site "https://www.chess.com"]

[Event "Titled Tuesday Blitz August 1 Early 2023"]
[White "Butti, Enrique"]
[Black "Wisniowski, Natalie"]
[WhiteFideId "3700470"]
[BlackFideId "30929261"]
[WhiteElo "2146"]
[BlackElo "2019"]
[Result "1-0"]
[Round "11"]
[TimeControl "180+1"]
[Date "2023.08.01"]
[WhiteClock "0:00:50"]
[BlackClock "0:00:05"]
[Board "162"]

1. d4 Nf6 2. Nf3 e6 3. e3 d5 4. Bd3 Bd6 5. Nbd2 O-O 6. O-O c5 7. c3 Nc6 8. Qe2 b6 9. dxc5 bxc5 10. e4 dxe4 11. Nxe4 Bb7 12. Nxf6+ Qxf6 13. Bg5 Nd4 14. Bxf6 Nxe2+ 15. Bxe2 gxf6 16. Nd2 Rfd8 17. Rad1 Be7 18. Bf3 Bxf3 19. Nxf3 Kf8 20. Rd2 Rxd2 21. Nxd2 Rd8 22. Nc4 Ke8 23. Re1 Rd5 24. Kf1 Kd7 25. Ke2 Kc7 26. Ne3 Rg5 27. g3 Rg8 28. Rd1 Rb8 29. Nc4 Rg8 30. Rd3 Rg4 31. b3 Rg6 32. f4 Rg8 33. Kf3 a6 34. Rd2 Kc6 35. h3 Kc7 36. g4 Kc6 37. Re2 Kc7 38. f5 e5 39. Rd2 Rb8 40. Ke4 Rg8 41. Ne3 Rf8 42. Rd5 Rd8 43. Kd3 Kc6 44. Kc4 Rxd5 45. Nxd5 Bd8 46. b4 h6 47. a4 cxb4 48. cxb4 Bc7 49. b5+ Kb7 50. Kc5 axb5 51. axb5 Kb8 52. b6 Bd8 53. Kc6 Kc8 54. b7+ Kb8 55. Nb4 Ba5 56. Na6+ Ka7 57. b8=Q+ Kxa6 58. Qb7# 1-0


[Site "https://www.chess.com"]

[Event "Titled Tuesday Blitz August 1 Early 2023"]
[White "Vargas, Mauricio"]
[Black "Goughfather"]
[WhiteFideId "4404572"]
[WhiteElo "1897"]
[BlackElo "2092"]
[Result "0-1"]
[Round "11"]
[TimeControl "180+1"]
[Date "2023.08.01"]
[WhiteClock "0:00:00"]
[BlackClock "0:00:22"]
[Board "163"]

1. e4 c6 2. Nc3 d5 3. d3 dxe4 4. Nxe4 Nf6 5. Nxf6+ exf6 6. Ne2 Bd6 7. g3 Bg4 8. Bg2 Nd7 9. h3 Bh5 10. g4 Bg6 11. Ng3 O-O 12. Ne4 Re8 13. O-O Bc7 14. Bd2 f5 15. Ng5 fxg4 16. hxg4 Nf6 17. f4 h6 18. Nh3 Qd6 19. Qf3 Be4 20. dxe4 Qxd2 21. Rf2 Bb6 22. e5 Bxf2+ 23. Nxf2 Nd5 24. Qd3 Qxd3 25. cxd3 Ne3 26. Bf3 Nc2 27. Rc1 Nd4 28. Rc4 Rad8 29. Kg2 Nxf3 30. Kxf3 Rd7 31. Ke4 Red8 0-1


[Site "https://www.chess.com"]

[Event "Titled Tuesday Blitz August 1 Early 2023"]
[White "Kuchava, Ana"]
[Black "Osiecki, Stanislaw"]
[WhiteFideId "13605348"]
[BlackFideId "1102990"]
[WhiteElo "2169"]
[BlackElo "2005"]
[Result "1-0"]
[Round "11"]
[TimeControl "180+1"]
[Date "2023.08.01"]
[WhiteClock "0:00:05"]
[BlackClock "0:00:00"]
[Board "164"]

1. d4 Nf6 2. Nf3 g6 3. c4 d6 4. Nc3 Bg7 5. e4 O-O 6. Be2 e5 7. O-O Nbd7 8. Re1 exd4 9. Nxd4 Nc5 10. Bf1 a5 11. f3 Re8 12. Be3 Bd7 13. Qd2 c6 14. Rad1 Qe7 15. Nc2 Bf8 16. Bf4 Rad8 17. Bxd6 Qe6 18. Bc7 Rc8 19. Bxa5 Ra8 20. Bc7 Rec8 21. Bd6 Bxd6 22. Qxd6 Qxd6 23. Rxd6 Be6 24. Red1 Ne8 25. R6d2 Na4 26. Nxa4 Rxa4 27. Nd4 Rxa2 28. Nxe6 fxe6 29. c5 Nf6 30. Bc4 Raa8 31. Bxe6+ Kg7 32. Bxc8 Rxc8 33. Rd8 Rc7 34. Rb8 Nd7 35. Rd8 Ne5 36. f4 Nc4 37. R1d7+ Kf6 38. Rxc7 Nxb2 39. Rxb7 Nc4 40. Rf8+ Ke6 41. Rxh7 Nd2 42. e5 Kd5 43. Rg7 Kxc5 44. Rxg6 1-0


[Site "https://www.chess.com"]

[Event "Titled Tuesday Blitz August 1 Early 2023"]
[White "Navyblue1"]
[Black "Onslow, Alfie"]
[BlackFideId "436976"]
[WhiteElo "1920"]
[BlackElo "2230"]
[Result "0-1"]
[Round "11"]
[TimeControl "180+1"]
[Date "2023.08.01"]
[WhiteClock "0:00:00"]
[BlackClock "0:00:38"]
[Board "165"]

1. d4 d5 2. c4 e6 3. Nc3 c6 4. cxd5 exd5 5. Qc2 Bd6 6. Nf3 Ne7 7. Bg5 h6 8. Bh4 Qb6 9. e3 Bf5 10. Qd2 Na6 11. a3 Nc7 12. Be2 Ne6 13. O-O O-O 14. Rac1 Bg6 15. Na4 Qc7 16. Bd3 Nf5 17. Bg3 Nxg3 18. hxg3 Bxd3 19. Qxd3 Qe7 20. Nc3 Ng5 21. Nxg5 hxg5 22. Qf5 g6 23. Qd3 Kg7 24. Rfe1 f5 25. Ne2 Rh8 26. f3 Rae8 27. Kf2 Qf6 28. Rh1 f4 29. exf4 gxf4 30. gxf4 Bxf4 31. Nxf4 Qxf4 32. Rxh8 Rxh8 33. Qe3 Qh4+ 34. Ke2 Qd8 35. Qe5+ Qf6 36. Qxf6+ Kxf6 37. Kf2 Re8 38. Rd1 Re7 39. Rd3 Kf5 0-1